 Dungeon Crawl Stone Soup version 0.23.1-42-g8abd8fc (console) character file.

Game seed: 14192092608368296891

19557 jt the Carver (level 12, 0/74 HPs)
             Began as an Octopode Fighter on Mar 30, 2019.
             Was a Priest of Qazlal.
             Succumbed to a spiny frog's poison
             ... on level 4 of the Lair of Beasts.
             The game lasted 00:58:59 (24470 turns).

jt the Carver (Octopode Fighter)                   Turns: 24470, Time: 00:58:59

Health: 0/74       AC:  2    Str: 19    XL:     12   Next: 70%
Magic:  2/17       EV: 13    Int: 12    God:    Qazlal [***...]
Gold:   1679       SH: 17    Dex: 11    Spells: 10/11 levels left

rFire    . . .     SeeInvis .   a - +1 long sword (protect)
rCold    + . .     Gourm    .   h - +1 shield
rNeg     . . .     Faith    .   (helmet restricted)
rPois    .         Spirit   +   A - amulet of guardian spirit
rElec    .         Reflect  .   I - ring of protection from cold
rCorr    .         Harm     .   (no ring)
MR       .....                  (no ring)
Stlth    ++........             (no ring)
HPRegen  0.22/turn              (no ring)
MPRegen  0.15/turn              (no ring)
                                (no ring)
                                (no ring)

@: lethally poisoned (0 -> -12)
A: almost no armour, stealthy swim, amphibious, 8 rings, constrict 8, rugged
brown scales 1, camouflage 1, screaming 1, gelatinous body 1, MP-powered wands
a: Upheaval, Elemental Force, Renounce Religion


You were on level 4 of the Lair of Beasts.
You worshipped Qazlal.
Qazlal was most pleased with you.
You were not hungry.

You visited 4 branches of the dungeon, and saw 19 of its levels.

You collected 1679 gold pieces.

Inventory:

Hand Weapons
 a - a +1 long sword of protection (weapon)
 b - a +0 hunting sling
 g - a +0 blowgun
 r - a +3 falchion of electrocution
 G - a +0 dagger of flaming
 J - a +1 dagger of chaos
 K - a +0 long sword
 L - a +0 long sword
 N - a +0 long sword
 P - a +1 dagger of freezing
Missiles
 k - 139 bolts
 m - 212 arrows
 n - 96 poisoned needles
 o - 445 stones
 q - 65 sling bullets
 v - 4 needles of sleeping
 M - a tomahawk (quivered)
 O - 2 tomahawks of returning
Armour
 h - a +1 shield (worn)
Magical Staves
 S - an uncursed staff of conjuration
Jewellery
 j - an uncursed ring of fire
 z - an uncursed amulet of the acrobat
 A - an amulet of guardian spirit (around mantle)
 I - a ring of protection from cold (left tentacle)
Wands
 u - a wand of paralysis (2)
 w - a wand of enslavement (4)
 x - a wand of random effects (43)
 y - a wand of flame (35)
Scrolls
 c - 2 scrolls of magic mapping
 e - 6 scrolls of teleportation
 f - 4 scrolls of amnesia
 t - 20 scrolls of identify
 B - a scroll of remove curse
 C - 5 scrolls of enchant armour
 D - a scroll of enchant weapon
 E - a scroll of immolation
Potions
 i - 2 potions of lignification
 p - 2 potions of agility
 s - 3 potions of brilliance
 F - a potion of resistance
 H - a potion of flight
 Q - a potion of might
 R - 2 potions of ambrosia
Comestibles
 d - 14 rations


   Skills:
 - Level 3.0 Fighting
 - Level 14.0 Long Blades
 + Level 2.1 Throwing
 - Level 3.0 Dodging
 + Level 11.4 Shields
 + Level 7.3 Invocations
 + Level 7.6 Evocations


You had 10 spell levels left.
You knew the following spells:

 Your Spells              Type           Power        Failure   Level  Hunger
a - Confusing Touch       Hex            #.....       45%         1    ##.....

Your spell library contained the following spells:

 Spells                   Type           Power        Failure   Level  Hunger
 Freeze                   Ice            #...         45%         1    ##.....
 Throw Frost              Conj/Ice       #.....       61%         2    ###....
 Confuse                  Hex            #.......     83%         3    ####...
 Gell's Gravitas          Tloc           #.........   83%         3    ####...
 Ozocubu's Armour         Chrm/Ice       #.......     83%         3    ####...
 Petrify                  Tmut/Erth      #.......     99%         4    #####..
 Summon Ice Beast         Ice/Summ       #.......     99%         4    #####..
 Throw Icicle             Conj/Ice       #.......     99%         4    #####..
 Metabolic Englaciation   Hex/Ice        #.........   100%        5    ######.
 Yara's Violent Unravell  Hex/Tmut       #.........   100%        5    ######.


Dungeon Overview and Level Annotations

Branches:
Dungeon (12/15)            Temple (1/1) D:6            Lair (4/6) D:11
  Swamp (0/4) Lair:3       Spider (0/4) Lair:2          Orc (2/2) D:10
    Elf: Orc:2

Altars:
Ashenzari
Dithmenos
Gozag
Hepliaklqana
Nemelex Xobeh
Okawaru
Qazlal
Ru
Sif Muna
Vehumet
Wu Jian
Xom

Annotations:
D:6 1 runed translucent door, exclusion: ogre, kalagan's ghost, novice DEEE


Innate Abilities, Weirdness & Mutations

You cannot wear most types of armour.
You are very stealthy in the water. (Stealth+)
You are amphibious.
You can wear up to eight rings at the same time.
You can use your tentacles to constrict eight enemies at once.
Your skin changes colour to match your surroundings (Stealth+).
Your rubbery body absorbs attacks. (AC +1, EV +1)
You are partially covered in rugged brown scales. (AC +1, +3% HP)
You occasionally shout uncontrollably at your foes.
You expend magic power (3 MP) to strengthen your wands.


Message History

You turn into a tree.
Your roots penetrate the ground.
* * * LOW HITPOINT WARNING * * *
You feel sick.
Your magical effects are unravelling.
You feel magically purged.
You feel less wooden.
* * * LOW HITPOINT WARNING * * *
You feel sick.
There is a lethal amount of poison in your body!
There is a lethal amount of poison in your body!
* * * LOW HITPOINT WARNING * * *
You feel sick.
* * * LOW HITPOINT WARNING * * *
You feel sick.
* * * LOW HITPOINT WARNING * * *
You feel sick.
* * * LOW HITPOINT WARNING * * *
You feel sick.
Okay, then.
You die...

#....... ......#
.....( ....# ..(. ..#
#†# ##@## #...##
##...# # ###..#### ##
#P......# ###.
#.....### #...
#...#..## ##..
#.....#..## ###..^
#...####..######....<


There were no monsters in sight!

Vanquished Creatures
  A swamp dragon (Lair:3)
  An unseen horror (D:10)
  A wolf spider (Lair:2)
  A cyclops (D:11)
  A black mamba (Lair:4)
  Psyche (D:10)
  3 spiny frogs
  6 komodo dragons
  A polar bear (Lair:2)
  4 trolls
  The ghost of grocchini the Cutter, a novice VSFi of Uskayaw (D:4)
  A jumping spider (Lair:2)
  2 hippogriffs
  A redback (Lair:2)
  A spriggan (D:8)
  21 yaks
  3 steam dragons
  A basilisk (Lair:3)
  Eustachio (D:6)
  A hungry ghost (D:11)
  Edmund (D:6)
  Menkaure (D:6)
  5 wargs
  5 soldier ants (Lair:4)
  6 water moccasins
  6 porcupines
  A black bear (D:11)
  A sky beast (D:10)
  6 orc warriors
  A swamp drake (D:10)
  2 ice beasts
  8 ogres
  A necrophage (D:10)
  2 phantoms
  2 centaurs
  6 crocodiles
  3 big kobolds
  10 bullfrogs
  A water moccasin zombie (D:7)
  3 scorpions
  A howler monkey (D:6)
  3 centaur zombies
  A crimson imp (D:7)
  A quasit (D:11)
  7 hounds
  A jelly (D:5)
  12 orc wizards
  2 bullfrog skeletons (D:10)
  12 orc priests
  A centaur skeleton (D:4)
  8 iguanas
  5 worker ants
  A killer bee zombie (D:8)
  A centaur simulacrum (D:4)
  2 hound zombies
  2 hound skeletons (D:4)
  A worker ant zombie (D:11)
  6 gnolls (D:5)
  14 adders
  3 shadow imps
  A white imp (D:4)
  A worker ant simulacrum (D:4)
  2 oozes
  2 adder zombies (D:5)
  2 adder skeletons
  4 worms
  6 dart slugs
  An adder simulacrum (D:4)
  5 leopard geckos
  58 orcs
  9 giant cockroaches
  8 hobgoblins
  8 jackals
  25 kobolds
  7 quokkas
  3 ball pythons
  14 bats
  4 frilled lizards
  2 giant cockroach simulacra (D:4)
  8 goblins
  A jackal simulacrum (D:4)
  A jackal zombie (D:6)
  A leopard gecko simulacrum (D:4)
  A leopard gecko skeleton (D:7)
  A leopard gecko zombie (D:5)
  11 rats
  A fungus (Lair:2)
395 creatures vanquished.

Vanquished Creatures (others)
  A manticore (D:12)
  A spiny frog (Lair:4)
  An orc wizard (D:11)
  A shadow imp (D:11)
  8 fungi
12 creatures vanquished.

Grand Total: 407 creatures vanquished

Notes
Turn   | Place    | Note
-------+----------+-------------------------------------------
     0 | D:1      | jt the Octopode Fighter began the quest for the Orb.
     0 | D:1      | Reached XP level 1. HP: 16/16 MP: 1/1
    67 | D:1      | Reached XP level 2. HP: 13/21 MP: 2/2
   815 | D:1      | Reached skill level 3 in Long Blades
   817 | D:1      | Reached XP level 3. HP: 26/26 MP: 3/3
  1465 | D:2      | Reached XP level 4. HP: 21/31 MP: 4/4
  1740 | D:2      | Noticed a phantom
  2188 | D:2      | Reached skill level 4 in Long Blades
  2522 | D:3      | Reached XP level 5. HP: 36/36 MP: 5/5
  3241 | D:4      | Noticed grocchini's ghost (novice VSFi)
  3242 | D:4      | Noticed an ice beast
  3314 | D:4      | Reached skill level 5 in Long Blades
  3318 | D:4      | Reached XP level 6. HP: 42/42 MP: 6/6
  3357 | D:4      | Found a runed translucent gate.
  3357 | D:4      | Found a runed translucent gate.
  3357 | D:4      | Found a runed translucent gate.
  3817 | D:4      | Reached skill level 6 in Long Blades
  3980 | D:4      | Reached skill level 5 in Shields
  3980 | D:4      | Reached XP level 7. HP: 43/46 MP: 7/7
  4571 | D:5      | Entered Level 5 of the Dungeon
  4793 | D:5      | Reached skill level 7 in Long Blades
  5358 | D:2      | Reached XP level 8. HP: 52/52 MP: 8/8
  5957 | D:5      | Reached skill level 8 in Long Blades
  6593 | D:6      | Found a runed translucent door.
  6594 | D:6      | Noticed kalagan's ghost (novice DEEE)
  6621 | D:6      | Noticed Menkaure
  6633 | D:6      | Killed Menkaure
  6714 | D:6      | Found a deep blue altar of Sif Muna.
  6740 | D:6      | Noticed Eustachio
  6741 | D:6      | Gained mutation: You occasionally shout uncontrollably at
                  | your foes. [potion of mutation]
  6741 | D:6      | Gained mutation: You expend magic power (3 MP) to
                  | strengthen your wands. [potion of mutation]
  6741 | D:6      | Gained mutation: You are partially covered in rugged brown
                  | scales. (AC +1, +3% HP) [potion of mutation]
  6810 | D:6      | Killed Eustachio
  6810 | D:6      | Reached skill level 9 in Long Blades
  6880 | D:6      | Found a staircase to the Ecumenical Temple.
  6916 | Temple   | Entered the Ecumenical Temple
  6976 | Temple   | Became a worshipper of Qazlal Stormbringer
  7251 | D:6      | Noticed Edmund
  7261 | D:6      | Killed Edmund
  7261 | D:6      | Reached XP level 9. HP: 45/57 MP: 6/9
  8436 | D:7      | Reached skill level 10 in Long Blades
  9560 | D:9      | Reached * piety under Qazlal
  9560 | D:9      | Reached skill level 11 in Long Blades
 10480 | D:7      | Reached XP level 10. HP: 10/64 MP: 0/10
 10989 | D:10     | Entered Level 10 of the Dungeon
 11245 | D:10     | Noticed Psyche
 11318 | D:10     | Killed Psyche
 11731 | D:10     | Reached skill level 12 in Long Blades
 11753 | D:10     | Found a staircase to the Orcish Mines.
 11753 | D:10     | HP: 2/64 [something (6)]
 12003 | D:11     | Noticed a cyclops
 12743 | D:10     | Killed an unseen horror
 12743 | D:10     | Reached skill level 1 in Evocations
 12945 | D:10     | Identified the +0 animal skin of the Accordion {rN+ Int-5
                  | SInv Stlth+}
 13343 | D:11     | Reached ** piety under Qazlal
 13517 | D:11     | Reached skill level 1 in Invocations
 13863 | D:11     | Learned a level 1 spell: Confusing Touch
 13892 | D:11     | Killed a cyclops
 14528 | D:10     | Reached XP level 11. HP: 58/69 MP: 10/13
 14642 | D:11     | Found a staircase to the Lair.
 14738 | D:11     | Reached skill level 13 in Long Blades
 15048 | D:12     | Noticed a manticore
 15099 | D:12     | HP: 3/69 [manticore/volley of spikes (5)]
 15104 | D:12     | Reached skill level 10 in Shields
 15528 | D:12     | Noticed a manticore
 15734 | Lair:1   | Entered Level 1 of the Lair of Beasts
 17415 | Lair:2   | Noticed a wolf spider
 17428 | Lair:2   | Killed a wolf spider
 17428 | Lair:2   | Reached skill level 5 in Evocations
 17550 | Lair:2   | Found a hole to the Spider Nest.
 18261 | Lair:2   | Reached skill level 5 in Invocations
 18354 | Lair:2   | Reached XP level 12. HP: 67/74 MP: 14/16
 18400 | Lair:2   | Reached skill level 14 in Long Blades
 18531 | Lair:3   | Reached *** piety under Qazlal
 18859 | D:4      | Killed grocchini's ghost
 19553 | Orc:1    | Entered Level 1 of the Orcish Mines
 19578 | Orc:2    | Entered Level 2 of the Orcish Mines
 20620 | Orc:2    | Noticed an orc high priest
 21077 | Orc:2    | Noticed an orc high priest
 21381 | Lair:2   | HP: 3/74 [poisoned by a swamp dragon (blast of poison)]
 21387 | Lair:2   | HP: 2/74 [poisoned by a swamp dragon (blast of poison)]
 21395 | Lair:2   | HP: 2/74 [poisoned by a swamp dragon (blast of poison)]
 22285 | Lair:3   | Found a shimmering altar of Xom.
 23512 | Lair:3   | Found a staircase to the Swamp.
 23546 | Lair:4   | Noticed an entropy weaver
 23810 | Lair:3   | Reached skill level 1 in Throwing
 24467 | Lair:4   | HP: 3/74 [poisoned by a spiny frog]
 24469 | Lair:4   | HP: 1/74 [poisoned by a spiny frog]
 24470 | Lair:4   | Succumbed to a spiny frog's poison

Skill      XL: |  1  2  3  4  5  6  7  8  9 10 11 12 |
---------------+-------------------------------------+-----
Long Blades    | 3 4 5 6 7 9 11 12 13 14 | 14.0
Shields        | 4 5 7 8 9 10 11 | 11.4
Evocations     | 2 5 7 |  7.6
Invocations    | 2 5 7 |  7.3
Throwing       | 2 |  2.1
Fighting       | |  3.0
Dodging        | |  3.0

Action                   |  1- 3 |  4- 6 |  7- 9 | 10-12 || total
-------------------------+-------+-------+-------+-------++-------
Melee: Long sword        |    64 |   151 |   165 |   733 ||  1113
       Constrict         |    25 |    45 |    50 |    78 ||   198
       Tentacles         |    18 |    28 |    53 |   203 ||   302
       Falchion          |       |       |   115 |    76 ||   191
 Fire: Hunting sling     |       |     4 |    28 |   103 ||   135
       Blowgun           |       |       |       |    18 ||    18
Throw: Stone             |     4 |     2 |     5 |    10 ||    21
       Tomahawk          |       |       |       |    13 ||    13
Invok: Upheaval          |       |       |       |     6 ||     6
Evoke: Wand              |       |       |     3 |    24 ||    27
  Use: Scroll            |       |     7 |     7 |     8 ||    22
       Potion            |       |     3 |    10 |    15 ||    28
 Stab: Sleeping          |     7 |     9 |    11 |       ||    27
       Distracted        |       |     1 |       |       ||     1
       Invisible         |       |       |     1 |       ||     1
       Paralysed         |       |       |       |    13 ||    13
  Eat: Chunk             |     2 |     4 |    12 |     9 ||    27
       Ration            |       |     1 |     3 |    10 ||    14
Armor: Skin              |    10 |    13 |    30 |    55 ||   108
Dodge: Dodged            |    33 |    56 |    97 |   201 ||   387
Block: Shield            |    25 |    62 |   128 |   454 ||   669
       Rpst.: Long sword |     7 |    18 |    15 |    39 ||    79
       Falchion          |       |       |     9 |     4 ||    13
